Map: Odyssey LE

Players

Kyde

  • Race: Terran Terran
  • League: Diamond
  • Spawn Location: 11:00

Dessa - Winner!

  • Race: Zerg Zerg
  • League: Diamond
  • Spawn Location: 5:00

VOD

Have the link to the VOD?

Description

Time

  • Played on: Dec. 27, 2017, 3:07 p.m.
  • Length: 8:46
Show
View Real Time Build Order
Export as new Build Order

Kyde Terran 

Build Orders: Reaper Expand, Mech 

Get SALT Encoding   

  12  0:00  SCV  
  13  0:13  SCV  
  14  0:17  Supply Depot  
  14  0:25  SCV  
  15  0:39  SCV, Barracks  
  16  0:45  Refinery  
  16  0:51  SCV  
  17  1:03  SCV  
  18  1:15  SCV  
  19  1:27  Orbital Command  
  19  1:28  Reaper  
  20  1:40  Command Center  
  20  1:53  SCV  
  21  1:56  Supply Depot  
  21  2:06  SCV  
  22  2:15  Factory, Marine  
  22  2:18  SCV  
  24  2:28  Refinery  
  24  2:30  SCV  
  25  2:44  SCV  
  25  2:46  Barracks Reactor  
  26  2:54  Orbital Command  
  26  2:56  SCV  
  27  3:08  SCV, Supply Depot  
  28  3:13  Supply Depot  
  28  3:22  Starport  
  28  3:28  Hellion x2  
  28  3:30  SCV x2  
  28  3:33  Barracks Tech Lab  
  34  3:36  Supply Depot  
  34  3:42  SCV x2  
  36  4:05  SCV x2  
  36  4:07  Liberator  
  38  4:12  Engineering Bay  
  38  4:16  Engineering Bay  
  38  4:17  SCV x2  
  38  4:19  Refinery, Supply Depot  
  38  4:20  Hellion x2  
  38  4:21  Refinery  
  47  4:27  Factory  
  47  4:29  SCV x2  
  48  4:41  SCV x2  
  50  4:46  Command Center  
  50  4:49  Hellion  
  50  4:51  Hellion  
  54  4:53  SCV x2  
  56  5:05  SCV  
  56  5:06  SCV  
  58  5:17  Infernal Pre-Igniter  
  58  5:18  SCV x2, Siege Tank  
  58  5:21  Factory, Starport Reactor  
  63  5:23  Hellion x2  
  63  5:26  Supply Depot  
  63  5:27  Supply Depot  
  67  5:31  SCV  
  67  5:32  SCV  
  69  5:43  SCV  
  69  5:46  Factory  
  69  5:48  Supply Depot x2  
  70  5:50  Armory  
  70  5:51  Armory  
  70  5:52  SCV  
  70  5:56  SCV  
  72  6:03  Orbital Command  
  72  6:05  Factory Tech Lab, Siege Tank  
  75  6:23  SCV x2  
  80  6:25  Siege Tank  
  80  6:26  Hellion x2  
  84  6:35  SCV  
  84  6:38  Factory Reactor  
  85  6:40  Orbital Command, Terran Vehicle And Ship Armor Level 1, Terran Vehicle Weapons Level 1  
  85  6:57  SCV x2  
  87  7:07  SCV  
  88  7:09  SCV x2  
  90  7:16  Hellion x3, Siege Tank x2  
  90  7:18  Viking x2  
  90  7:19  SCV  
  90  7:21  SCV x2  
  106  7:31  Supply Depot  
  106  7:34  Supply Depot  
  104  7:52  SCV x3  
  104  7:55  Refinery  
  104  7:56  Refinery  
  104  7:58  Supply Depot x2  
  107  8:01  Sensor Tower  
  107  8:04  SCV  
Show
View Real Time Build Order
Export as new Build Order

Dessa Zerg - Winner!

Build Orders: Hatch First 

Get SALT Encoding   

  12  0:00  Drone  
  13  0:13  Overlord  
  13  0:17  Drone  
  14  0:31  Drone x2  
  14  0:35  Drone  
  17  0:55  Hatchery  
  16  0:58  Drone  
  16  1:01  Extractor  
  16  1:03  Drone  
  17  1:17  Spawning Pool  
  17  1:18  Drone  
  17  1:24  Drone  
  18  1:29  Overlord  
  18  1:39  Drone  
  19  1:51  Drone  
  20  2:03  Queen  
  20  2:05  Metabolic Boost  
  20  2:07  Zergling x2  
  23  2:09  Queen  
  23  2:14  Drone  
  26  2:16  Drone  
  26  2:21  Drone  
  28  2:23  Drone  
  29  2:50  Queen  
  31  2:55  Overlord  
  31  2:58  Drone x2  
  31  2:59  Drone x2  
  31  3:00  Drone  
  36  3:14  Overlord  
  36  3:17  Overlord  
  36  3:19  Zergling x2  
  38  3:20  Drone, Zergling x2  
  38  3:21  Drone  
  38  3:25  Overlord  
  40  3:28  Overlord  
  40  3:37  Drone  
  41  3:49  Hatchery  
  40  4:05  Drone x3  
  40  4:09  Drone x3  
  47  4:10  Drone x6  
  47  4:11  Evolution Chamber  
  47  4:14  Evolution Chamber  
  47  4:15  Extractor  
  49  4:32  Extractor x2  
  49  4:34  Lair  
  49  4:37  Drone x3, Baneling Nest  
  49  4:38  Drone  
  50  4:40  Zerg Missile Weapons Level 1  
  50  4:43  Overlord  
  50  4:48  Zerg Ground Armor Level 1  
  50  4:58  Drone x3  
  50  4:59  Overlord  
  53  5:05  Zergling x6  
  55  5:08  Queen  
  57  5:22  Zergling x10  
  57  5:23  Zergling x4  
  57  5:27  Baneling x5  
  64  5:28  Zergling x2  
  64  5:29  Zergling x6  
  64  5:32  Drone x3  
  64  5:33  Centrifical Hooks  
  71  5:39  Zergling x4, Hydralisk Den  
  72  5:50  Drone x3  
  72  5:56  Drone x2  
  77  5:57  Overlord  
  77  6:04  Pneumatized Carapace  
  77  6:06  Drone x3  
  77  6:07  Drone, Overlord  
  81  6:31  Hydralisk x8  
  81  6:32  Hydralisk x2  
  101  6:39  Muscular Augments  
  99  6:51  Spore Crawler  
  96  6:56  Spore Crawler x2  
  96  6:59  Spore Crawler  
  96  7:00  Spore Crawler  
  89  7:32  Drone x3  
  89  7:33  Drone  
  89  7:34  Zergling x4  
  89  7:35  Zergling x16  
  101  7:39  Baneling x4  
  101  7:40  Baneling x4  
  97  7:49  Hydralisk x4  
  97  7:51  Zergling x6  
  105  7:53  Drone  
  99  8:07  Zergling x2  
  98  8:16  Zergling x12  
  104  8:31  Hatchery  
Tags
 
Composition
Mech
Matchup
TvZ
Replay Pack
2017S4
Spawn Locations
Cross Positions
Add a new tag
Caveats
  • Supply blocks, unpowered buildings, or Contaminate may cause inaccurate times.
  • Supply counts are checked every 10 seconds.